 Dungeon Crawl Stone Soup version 0.25-a0-843-g6944ee3 (webtiles) character file.

Game seed: 12170631967612887046, levelgen mode: deterministic

16 smeego the Shield-Bearer (level 2, 0/21 HPs)
             Began as an Octopode Fighter on Apr 25, 2020.
             Slain by an orc (4 damage)
             ... on level 3 of the Dungeon.
             The game lasted 00:00:38 (197 turns).

smeego the Shield-Bearer (Octopode Fighter)          Turns: 197, Time: 00:00:39

Health: 0/21       AC:  1    Str: 15    XL:     2   Next: 54%
Magic:  2/2        EV: 11    Int: 10    God:
Gold:   32         SH:  8    Dex: 11    Spells: 1/1 levels left

rFire    . . .     SeeInvis .   a - +0 long sword
rCold    . . .     Gourm    .   b - +0 kite shield
rNeg     . . .     Faith    .   (helmet restricted)
rPois    .         Spirit   .   (no amulet)
rElec    .         Reflect  .   (no ring)
rCorr    .         Harm     .   (no ring)
MR       .....                  (no ring)
Stlth    +++.......             (no ring)
HPRegen  0.07/turn              (no ring)
MPRegen  0.08/turn              (no ring)
                                (no ring)
                                (no ring)

@: hasted, very quick
A: almost no armour, stealthy swim, amphibious, 8 rings, constrict 8, camouflage
1, gelatinous body 1
a: no special abilities


You were on level 3 of the Dungeon.
You were not hungry.

You visited 1 branch of the dungeon, and saw 3 of its levels.

You collected 32 gold pieces.

Inventory:

Hand Weapons
 a - a +0 long sword (weapon)
Missiles
 e - 19 arrows
Armour
 b - a +0 kite shield (worn)
Scrolls
 f - a scroll of immolation {unknown}
 g - a scroll of teleportation {unknown}
 h - 3 scrolls of identify {unknown}
Potions
 c - a potion of might
 i - a potion of berserk rage {unknown}
 j - a potion of haste
Comestibles
 d - a ration


   Skills:
 + Level 3.2 Fighting
 - Level 2.0 Long Blades
 + Level 3.2 Dodging
 + Level 1.4 Stealth
 + Level 3.2 Shields


You had one spell level left.
You didn't know any spells.
Your spell library was empty.

Dungeon Overview and Level Annotations

Branches:
Dungeon (3/15)

Altars:


Innate Abilities, Weirdness & Mutations

You cannot wear most types of armour.
You are very stealthy in the water. (Stealth+)
You are amphibious.
You can wear up to eight rings at the same time.
You can use your tentacles to constrict eight enemies at once.
Your skin changes colour to match your surroundings (Stealth+).
Your rubbery body absorbs attacks. (AC +1, EV +1)


Message History

j - 2 fizzy sapphire potions
h - 3 scrolls labeled JAEWAER KOUZAHEN (gained 1) 3 orcs come into view.
The orc shouts! x3; You hear a shout! x2
There are monsters nearby!
A kobold comes into view.
It is wielding a +0 dagger of protection.
An orc comes into view.
It is wielding a +2 short sword of venom.
The kobold throws a stone.
The stone barely misses you.
You see here a stone.
The orc closely misses you.
You riposte.
You hit the orc but do no damage. You grab the orc.
You see here a stone.
You hit the orc.
The orc is heavily wounded.
You constrict the orc. The orc hits you with a +0 flail!
* * * LOW HITPOINT WARNING * * *
You hit the orc.
You kill the orc!
It was a potion of haste.
You feel yourself speed up. The orc hits you.
You die...

......#......#
#.#
..###..##.....##
#.. #......#...#
### #.#.##.##..#
.###....#.....#
..........#####
####...### ##.##
#@# #o# .o.
.#.o. ##...K.
...#.# .....#
..... #


You could see 3 orcs and a kobold.

Vanquished Creatures
  An ooze (D:2)
  An orc (D:3)
  2 goblins (D:2)
  A hobgoblin (D:2)
  2 jackals (D:3)
  A bat (D:1)
  2 frilled lizards (D:2)
10 creatures vanquished.

Notes
Turn   | Place    | Note
-------+----------+-------------------------------------------
     0 | D:1      | smeego the Octopode Fighter began the quest for the Orb.
     0 | D:1      | Reached XP level 1. HP: 16/16 MP: 1/1
   116 | D:2      | Reached skill level 1 in Stealth
   116 | D:2      | Reached XP level 2. HP: 15/21 MP: 2/2
   197 | D:3      | Slain by an orc

Levels and vault maps discovered:
D:1:      dpeg_arrival_arbitrary_b, layout_loops_ring
D:2:      layout_loops_ring, nemelex_dance_club_becter
D:3:      layout_loops_ring, nicolae_ru_great_annihilating_truth,
          grunt_temple_overflow_open, first_ration, hangedman_decor_points

Skill      XL: |  1 |
---------------+----+-----
Stealth        | 1 |  1.4
Fighting       | |  3.2
Long Blades    | |  2.0
Dodging        | |  3.2
Shields        | |  3.2

Action                   || total
-------------------------++-------
Melee: Long sword        ||    22
       Constrict         ||     6
       Tentacles         ||     2
  Use: Potion            ||     1
 Stab: Sleeping          ||     2
Armor: Skin              ||     1
Dodge: Dodged            ||    11
Block: Kite shield       ||     8
       Rpst.: Long sword ||     7

Table legend:
 A = Non-vault XP
 B = Vault XP
 C = Vault XP percentage of total XP
 D = Non-vault monster count
 E = Vault monster count
 F = Vault count percentage of total count
                 A         B        C        D         E       F
            +---------+---------+-------+---------+---------+-------
      Total |      23 |       0 |   0.0 |      10 |       0 |   0.0
            +---------+---------+-------+---------+---------+-------
        D:1 |       1 |       0 |   0.0 |       1 |       0 |   0.0
        D:2 |      15 |       0 |   0.0 |       6 |       0 |   0.0
        D:3 |       7 |       0 |   0.0 |       3 |       0 |   0.0
            +---------+---------+-------+---------+---------+-------
